 Dungeon Crawl Stone Soup version 0.20-a0-540-ge6d1839 (webtiles) character file.

6085 Klosterheim the Cleaver (level 10, -3/90 HPs)
             Began as a Minotaur Fighter on Jan 29, 2017.
             Was a Priest of Uskayaw.
             Slain by a chaos spawn (11 damage)
             ... on level 2 of the Abyss.
             The game lasted 00:19:21 (8798 turns).

Klosterheim the Cleaver (Minotaur Fighter)          Turns: 8798, Time: 00:19:22

Health: -3/90      AC: 19    Str: 25    XL:     10   Next: 58%
Magic:  11/11      EV:  8    Int:  1    God:    Uskayaw [***...]
Gold:   440        SH:  0    Dex:  9    Spells: 9/9 levels left

rFire    . . .     SeeInvis .   d - +3 battleaxe
rCold    + . .     Gourm    .   j - +2 chain mail {rC+}
rNeg     . . .     Faith    .   (shield currently unavailable)
rPois    .         Spirit   .   (helmet restricted)
rElec    .         Reflect  .   b - +1 cloak {+Inv}
rCorr    .         Harm     .   (no gloves)
MR       .....                  h - +0 pair of boots
Stlth    ..........             (no amulet)
Regen    0.3/turn               w - +2 ring of protection
                                c - ring of flight

@: slowed, lost intelligence, very slow
A: retaliatory headbutt, horns 2, dopey 2, MP-powered wands
a: Stomp, Line Pass, Renounce Religion, Evoke Invisibility, Evoke Flight


You were on level 2 of the Abyss.
You worshipped Uskayaw.
Uskayaw was noncommittal.
You were not hungry.

You visited 2 branches of the dungeon, and saw 9 of its levels.
You visited the Abyss 1 time.
You also visited: Bailey.

You collected 440 gold pieces.

Inventory:

Hand Weapons
 d - a +3 battleaxe (weapon)
 K - a +3 antimagic war axe
Armour
 b - a +1 cloak of invisibility (worn)
 h - a +0 pair of boots (worn)
 j - a +2 chain mail of cold resistance (worn)
 L - a +0 chain mail
Jewellery
 c - a ring of flight (left hand)
 m - a +2 ring of dexterity {unknown}
 t - a +3 ring of strength {unknown}
 w - a +2 ring of protection (right hand)
Wands
 k - a wand of lightning (5/15)
 l - a wand of lightning (7/15)
 y - a wand of flame (29/48)
 I - a wand of confusion (28/48)
Scrolls
 a - 2 scrolls of identify
 e - a scroll of amnesia
 p - 3 scrolls of fog
 s - 3 scrolls of teleportation
 v - 4 scrolls of enchant weapon
 E - 2 scrolls of remove curse
 H - a scroll of recharging
Potions
 g - 3 potions of curing
 i - a potion of haste {unknown}
 o - a potion of resistance
 r - a potion of cure mutation
 x - 3 potions of agility
 F - 3 potions of ambrosia
 G - a potion of cancellation {unknown}
 J - a potion of flight
Books
 q - a book of Maledictions

   Spells                             Type                      Level
   a - Corona                         Hexes                        1
   b - Ensorcelled Hibernation        Hexes/Ice                    2
   c - Confuse                        Hexes                        3
   d - Tukima's Dance                 Hexes                        3
   e - Dazzling Spray                 Conjuration/Hexes            3
Comestibles
 f - 12 bread rations
 n - 4 meat rations
 D - 5 royal jellies


   Skills:
 + Level 8.5 Fighting
 * Level 13.1(13.7) Axes
   Level 6.6(10.8) Maces & Flails
 + Level 8.9 Armour
   Level 3.6 Shields
 + Level 3.3 Invocations


You had 9 spell levels left.
You didn't know any spells.

Dungeon Overview and Level Annotations

Branches:
Dungeon (8/15)             Temple (1/1) D:4
   Lair: D:8-11

Altars:
Ashenzari
Cheibriados
Elyvilon
Fedhas
Gozag
Hepliaklqana
Kikubaaqudgha
Makhleb
Nemelex Xobeh
Okawaru
Qazlal
Ru
Sif Muna
Trog
Uskayaw
Vehumet
Xom
Yredelemnul
The Shining One

Shops:
D:7 ([(   D:8 *


Innate Abilities, Weirdness & Mutations

You reflexively headbutt those who attack you in melee.
You have a pair of horns on your head.
[You are very dopey. (Int -4)]
[You expend magic power (3 MP) to strengthen your wands.]


Message History

The tormentor calls on the powers of darkness!
Your body is wracked with pain!
* * * LOW HITPOINT WARNING * * *
You can now merge with and destroy a victim.
You slice the tormentor!!
You kill the tormentor!
You feel your intelligence returning.
You start resting.
You can no longer merge with and destroy a victim.
A chaos spawn comes into view.
You closely miss the chaos spawn. You headbutt the chaos spawn.
The chaos spawn is lightly wounded.
The chaos spawn gores you!
* * * LOW HITPOINT WARNING * * *
The chaos spawn freezes you! You resist.
* * * LOW HITPOINT WARNING * * *
You barely miss the chaos spawn.
The chaos spawn is lightly wounded.
The chaos spawn gores you!
You die...

# . # # # # ##
# ..# ..#
####### ...#
##.##....#
#...###@4#.#. #
#. ##...#.##
##.......##..)#
#..#.#.....# #
#.#.#.#. #.#
#.... .# ...#.
. #....# # #
....


You could see a chaos spawn.

Vanquished Creatures
  A two-headed ogre (D:8)
  An orc high priest (Bailey)
  A large abomination (Abyss:2)
  An orange demon (Abyss:2)
  A kobold demonologist (Bailey)
  A tormentor (Abyss:2)
  Sigmund (D:3)
  A spriggan (D:7)
  A ynoxinul (Abyss:2)
  A hungry ghost (D:8)
  Menkaure (D:6)
  Duvessa (D:7)
  A water moccasin (D:7)
  An ice beast (D:7)
  5 orc warriors (Bailey)
  A phantom (D:4)
  An eye of draining (D:6)
  2 centaurs
  A big kobold (D:8)
  2 bullfrogs
  A scorpion (D:4)
  Dowan (D:7)
  A water moccasin skeleton (D:6)
  7 wights (D:8)
  2 howler monkeys (D:8)
  An electric eel (Bailey)
  A bullfrog zombie (D:5)
  3 crimson imps
  2 hounds
  Crazy Yiuf (D:6)
  A centaur skeleton (D:4)
  An orc priest (D:4)
  A bullfrog skeleton (D:8)
  An iron imp (Abyss:2)
  Natasha (twice) (D:3)
  4 iguanas
  3 worker ants
  3 orc wizards
  8 gnolls
  8 adders
  A shadow imp (D:7)
  3 adder skeletons
  An adder zombie (D:5)
  5 worms
  4 leopard geckos
  13 orcs
  8 giant cockroaches
  7 hobgoblins
  12 jackals
  12 kobolds
  A quokka (D:4)
  3 ball pythons
  5 bats
  6 frilled lizards
  16 goblins
  4 rats
  A plant (D:8)
180 creatures vanquished.

Vanquished Creatures (others)
  An orc (D:5)
  3 starspawn tentacles (Abyss:2)
4 creatures vanquished.

Grand Total: 184 creatures vanquished

Notes
Turn   | Place    | Note
-------+----------+-------------------------------------------
     0 | D:1      | Klosterheim the Minotaur Fighter began the quest for the Orb.
     0 | D:1      | Reached XP level 1. HP: 19/19 MP: 0/0
   263 | D:1      | Reached skill level 3 in Axes
   490 | D:1      | Found a glowing golden altar of the Shining One.
   608 | D:1      | Reached XP level 2. HP: 24/26 MP: 1/1
   810 | D:2      | Reached skill level 4 in Axes
   820 | D:2      | Reached XP level 3. HP: 31/31 MP: 2/2
  1136 | D:2      | Reached skill level 5 in Axes
  1250 | D:2      | Found an opulent altar of Gozag.
  1709 | D:3      | Reached XP level 4. HP: 39/39 MP: 3/3
  2234 | D:3      | Noticed Natasha
  2236 | D:3      | Noticed Sigmund
  2253 | D:3      | Reached skill level 6 in Axes
  2274 | D:3      | Killed Sigmund
  2274 | D:3      | Reached skill level 7 in Axes
  2274 | D:3      | Reached XP level 5. HP: 10/45 MP: 4/4
  2274 | D:3      | Reached XP level 6. HP: 11/51 MP: 5/5
  2276 | D:3      | Killed Natasha
  2436 | D:3      | Noticed Natasha
  2440 | D:3      | Killed Natasha
  2440 | D:3      | Reached skill level 8 in Axes
  2860 | D:4      | Found a staircase to the Ecumenical Temple.
  2924 | D:4      | Reached skill level 9 in Axes
  3057 | Temple   | Entered the Ecumenical Temple
  3201 | Temple   | Became a worshipper of Uskayaw the Reveler
  3260 | D:4      | Reached * piety under Uskayaw
  3360 | D:4      | Reached ** piety under Uskayaw
  3363 | D:4      | Reached XP level 7. HP: 50/57 MP: 6/6
  3694 | D:5      | Entered Level 5 of the Dungeon
  3700 | D:5      | Reached *** piety under Uskayaw
  3707 | D:4      | Reached **** piety under Uskayaw
  3977 | D:5      | Reached skill level 10 in Axes
  4273 | D:5      | Reached ***** piety under Uskayaw
  4535 | D:5      | Found an opulent altar of Gozag.
  4846 | D:6      | Reached skill level 11 in Axes
  5010 | D:6      | Reached XP level 8. HP: 64/64 MP: 7/7
  5127 | D:6      | Found a runed door.
  5161 | D:6      | Found a bloodstained altar of Trog.
  5232 | D:6      | Found a snail-covered altar of Cheibriados.
  5341 | D:6      | Noticed Menkaure
  5507 | D:6      | Killed Menkaure
  5685 | D:5      | Reached skill level 12 in Axes
  5941 | D:6      | Noticed Crazy Yiuf
  5947 | D:6      | Killed Crazy Yiuf
  6036 | D:7      | Found Vucvubli's Antique Armour Shoppe.
  6064 | D:7      | Noticed Dowan
  6068 | D:7      | Killed Dowan
  6101 | D:7      | Found Moaheroz's Antique Weapon Boutique.
  6148 | D:7      | Reached skill level 5 in Fighting
  6148 | D:7      | Reached skill level 5 in Armour
  6190 | D:7      | Found an iron altar of Okawaru.
  6194 | D:7      | Found Figad's Antique Weapon Shop.
  6223 | D:7      | Noticed Duvessa
  6234 | D:7      | Killed Duvessa
  6458 | D:7      | Reached XP level 9. HP: 75/75 MP: 2/8
  6727 | D:8      | Got a brightly glowing whip {speed}
  6728 | D:8      | Identified the +8 whip of the Depths {speed, Int+3} (You took it off a goblin on level 8 of the Dungeon)
  6776 | D:8      | Found Zoynet's Assorted Antiques.
  6898 | D:8      | Reached skill level 1 in Maces & Flails
  6948 | D:8      | Noticed a two-headed ogre
  6958 | D:8      | Killed a two-headed ogre
  7192 | D:8      | Found a flagged portal.
  7198 | Bailey   | Entered a bailey
  7748 | Bailey   | Found an iron altar of Okawaru.
  7748 | Bailey   | Noticed an orc high priest
  7748 | Bailey   | Noticed a kobold demonologist
  7755 | Bailey   | Noticed an orange demon
  7755 | Bailey   | Noticed an orange demon
  7762 | Bailey   | Killed a kobold demonologist
  7762 | Bailey   | Reached skill level 1 in Invocations
  7766 | Bailey   | Noticed a sun demon
  7766 | Bailey   | Killed an orc high priest
  7766 | Bailey   | Reached XP level 10. HP: 55/88 MP: 8/10
  8168 | Bailey   | Cast into level 2 of the Abyss (a Zot trap)
  8168 | Abyss:2  | Found a corrupted altar of Lugonu.
  8246 | Abyss:2  | Noticed a large abomination
  8273 | Abyss:2  | Noticed a spatial maelstrom
  8288 | Abyss:2  | Found a corrupted altar of Lugonu.
  8392 | Abyss:2  | Noticed a green death
  8405 | Abyss:2  | Noticed a large abomination
  8419 | Abyss:2  | Noticed a smoke demon
  8434 | Abyss:2  | Found a corrupted altar of Lugonu.
  8510 | Abyss:2  | Noticed a tentacled starspawn
  8564 | Abyss:2  | Noticed a wretched star
  8575 | Abyss:2  | Noticed a worldbinder
  8769 | Abyss:2  | Noticed an orange demon
  8769 | Abyss:2  | Noticed a large abomination
  8772 | Abyss:2  | Killed a large abomination
  8778 | Abyss:2  | Lost intelligence.
  8783 | Abyss:2  | Killed an orange demon
  8783 | Abyss:2  | Reached skill level 13 in Axes
  8798 | Abyss:2  | Slain by a chaos spawn

Vault maps used:
D:1:      scummos_arrival_star, tso_altar
D:2:      lemuel_doored_altar
D:3:      uniq_sigmund, uniq_natasha
D:4:      minmay_temple_entry_grid, first_bread
D:5:      nicolae_gozag_seed_capital
D:6:      nicolae_overflow_hidden_temple, serial_park_tiny_2,
          trog_eyes_of_draining, uniq_crazy_yiuf_cottage, uniq_menkaure
D:7:      serial_shops, nicolae_shop_window_shopping, shop_statue, shop,
          the_bakery, minmay_misc_feat_iff, okawaru_ov_weapons_minmay,
          uniq_duvessa
D:8:      gammafunk_temple_overflow_elements, serial_shops,
          nicolae_shop_overgrown_old_shop, enter_bailey_3,
          serial_park_tiny_pond, uniq_pikel
Temple:   regret_index_temple_waves
Bailey:   bailey_axe_of_yendor_kennysheep, bailey

Skill      XL: |  1  2  3  4  5  6  7  8  9 10 |
---------------+-------------------------------+-----
Axes           | 3 4 5 7 9 11 12 13 | 13.1
Armour         | 6 8 |  8.9
Fighting       | 6 7 8 |  8.5
Maces & Flails | 6 |  6.6
Invocations    | 1 3 |  3.3
Shields        | |  3.6

Action                   |  1- 3 |  4- 6 |  7- 9 | 10-12 || total
-------------------------+-------+-------+-------+-------++-------
Melee: War axe           |    97 |    92 |   163 |       ||   352
       Headbutt          |    10 |    18 |    41 |    11 ||    80
       Whip              |       |       |    78 |       ||    78
       Battleaxe         |       |       |    27 |    41 ||    68
  Use: Scroll            |       |       |    22 |     4 ||    26
       Potion            |       |       |     4 |     2 ||     6
 Stab: Paralysed         |       |       |     8 |     4 ||    12
       Invisible         |       |       |     1 |       ||     1
       Distracted        |       |       |       |     1 ||     1
  Eat: Chunk             |     3 |     4 |    13 |       ||    20
       Fruit             |       |       |     3 |       ||     3
       Meat ration       |       |       |     1 |       ||     1
Armor: Scale mail        |    64 |    39 |    39 |       ||   142
       Chain mail        |       |       |    72 |    36 ||   108
       Skin              |       |       |     1 |       ||     1
Dodge: Dodged            |    56 |    40 |    85 |    13 ||   194
